3A
GRAND FORKS CATERPILLARS @ BELLEVILLE BULLS
08/28/2022
 
TOP OF THE 1ST
Grand Forks Caterpillars batting - Pitching for Belleville Bulls : RHP José Zavala
Pitching: RHP José Zavala
Batting: SHB Luchino Salimbeni 0-0: Ball
1-0: Ball
2-0: Ball
3-0: Base on Balls
Batting: RHB Javier Rivera 0-0: Reached on error, E6 (Groundball, 6)
Luchino Salimbeni to second
Batting: RHB Alfredo García 0-0: Ground out 5-3 (Groundball, 56S)
Luchino Salimbeni to third
Javier Rivera to second
Batting: RHB Vicente Cruz 0-0: Called Strike
0-1: Called Strike
0-2: Ball
1-2: Foul Ball, location: 2F
1-2: Strikes out swinging
Batting: RHB Salvador Esparza 0-0: Foul Ball, location: 2F
0-1: Swinging Strike
0-2: Strikes out looking
Top of the 1st over - 0 run(s), 0 hit(s), 1 error(s), 2 left on base; Grand Forks 0 - Belleville 0
BOTTOM OF THE 1ST
Belleville Bulls batting - Pitching for Grand Forks Caterpillars : RHP Esteban Nevárez
Pitching: RHP Esteban Nevárez
Batting: LHB Manuel Sánchez 0-0: Swinging Strike
0-1: Swinging Strike
0-2: Foul Ball, location: 2F
0-2: Ball
1-2: Foul Ball, location: 2F
1-2: Ball
2-2: Strikes out swinging
Batting: RHB Paddy Hodnett 0-0: DOUBLE (Groundball, 5L)
Batting: RHB Felipe Gonzáles 0-0: Ball
1-0: SINGLE (Line Drive, 4M)
Paddy Hodnett to third
Batting: RHB Jesús Soto 0-0: Called Strike
0-1: Swinging Strike
0-2: Strikes out swinging
Batting: RHB Alberto Blanco 0-0: 3-RUN HOME RUN (Flyball, 7LD), Distance : 369 ft
Batting: RHB Henry Mann 0-0: Ball
1-0: Swinging Strike
1-1: Called Strike
1-2: Foul Ball, location: 2F
1-2: Ball
2-2: Strikes out swinging
Bottom of the 1st over - 3 run(s), 3 hit(s), 0 error(s), 0 left on base; Grand Forks 0 - Belleville 3
TOP OF THE 2ND
Grand Forks Caterpillars batting - Pitching for Belleville Bulls : RHP José Zavala
Batting: LHB Armando Becerra 0-0: Called Strike
0-1: Ground out 1-3 (Groundball, 34S)
Batting: RHB Juan Garza 0-0: Ball
1-0: Foul Ball, location: 2F
1-1: Ball
2-1: Ball
3-1: Swinging Strike
3-2: Ground out 6-3 (Groundball, 6)
Batting: RHB Carlos Romero 0-0: Fly out, F8 (Flyball, 8RM)
Top of the 2nd over - 0 run(s), 0 hit(s), 0 error(s), 0 left on base; Grand Forks 0 - Belleville 3
BOTTOM OF THE 2ND
Belleville Bulls batting - Pitching for Grand Forks Caterpillars : RHP Esteban Nevárez
Batting: RHB Lee Charles 0-0: Foul Ball, location: 2F
0-1: Swinging Strike
0-2: Strikes out swinging
Batting: RHB Jaime Ramírez 0-0: Ball
1-0: Foul Ball, location: 2F
1-1: Called Strike
1-2: Strikes out swinging
Batting: RHB Howard Fewell 0-0: Ball
1-0: Ball
2-0: Ball
3-0: Base on Balls
Batting: LHB Manuel Sánchez 0-0: Ball
1-0: Ball
2-0: Ball
3-0: Called Strike
3-1: Called Strike
3-2: Foul Ball, location: 2F
3-2: Strikes out swinging
Bottom of the 2nd over - 0 run(s), 0 hit(s), 0 error(s), 1 left on base; Grand Forks 0 - Belleville 3
TOP OF THE 3RD
Grand Forks Caterpillars batting - Pitching for Belleville Bulls : RHP José Zavala
Batting: RHB Jesús Ortíz 0-0: Ground out 4-3 (Groundball, 4)
Batting: SHB Luchino Salimbeni 0-0: Ball
1-0: TRIPLE (Flyball, 8LXD)
Batting: RHB Javier Rivera 0-0: Called Strike
0-1: Ball
1-1: Swinging Strike
1-2: Strikes out swinging
Batting: RHB Alfredo García 0-0: Fly out, F8 (Flyball, 8LS)
Top of the 3rd over - 0 run(s), 1 hit(s), 0 error(s), 1 left on base; Grand Forks 0 - Belleville 3
BOTTOM OF THE 3RD
Belleville Bulls batting - Pitching for Grand Forks Caterpillars : RHP Esteban Nevárez
Batting: RHB Paddy Hodnett 0-0: Swinging Strike
0-1: Ground out 6-3 (Groundball, 6M)
Batting: RHB Felipe Gonzáles 0-0: Called Strike
0-1: Ball
1-1: Foul Ball, location: 2F
1-2: Foul Ball, location: 2F
1-2: Ball
2-2: Ball
3-2: Ground out 5-3 (Groundball, 56)
Batting: RHB Jesús Soto 0-0: Called Strike
0-1: SINGLE (Line Drive, 6MD)
Batting: RHB Alberto Blanco 0-0: Ball
1-0: Called Strike
1-1: Foul Ball, location: 2F
1-2: Foul Ball, location: 2F
1-2: Ball
2-2: Foul Ball, location: 2F
2-2: Ball
3-2: Base on Balls
Jesús Soto to second
Batting: RHB Henry Mann 0-0: Ball
1-0: Ball
2-0: Called Strike
2-1: SINGLE (Line Drive, 89M)
Jesús Soto to third
Alberto Blanco to second
Runner from 3rd tries for Home, SAFE, throw made home
Alberto Blanco to third
Henry Mann to second
Batting: RHB Lee Charles 0-0: Fly out, F9 (Flyball, 89M)
Bottom of the 3rd over - 1 run(s), 2 hit(s), 0 error(s), 2 left on base; Grand Forks 0 - Belleville 4
TOP OF THE 4TH
Grand Forks Caterpillars batting - Pitching for Belleville Bulls : RHP José Zavala
Batting: RHB Vicente Cruz 0-0: Fly out, F8 (Flyball, 8LD)
Batting: RHB Salvador Esparza 0-0: DOUBLE (Groundball, 5L)
Batting: LHB Armando Becerra 0-0: Ball
1-0: Ball
2-0: Ground out 4-3 (Groundball, 4)
Salvador Esparza to third
Batting: RHB Juan Garza 0-0: Foul Ball, location: 2F
0-1: Swinging Strike
0-2: Ball
1-2: Ball
2-2: Ball
3-2: Foul Ball, location: 2F
3-2: Strikes out swinging
Top of the 4th over - 0 run(s), 1 hit(s), 0 error(s), 1 left on base; Grand Forks 0 - Belleville 4
BOTTOM OF THE 4TH
Belleville Bulls batting - Pitching for Grand Forks Caterpillars : RHP Esteban Nevárez
Batting: RHB Jaime Ramírez 0-0: Ball
1-0: Called Strike
1-1: Foul Ball, location: 2F
1-2: Foul Ball, location: 2F
1-2: Foul Ball, location: 2F
1-2: SINGLE (Line Drive, 8LS)
Batting: RHB Howard Fewell 0-0: Called Strike
0-1: Foul Ball, location: 2F
0-2: Ball
1-2: Ball
2-2: Ball
3-2: Fielders Choice at 2nd, 4-6 (Groundball, 4)
Pitching: LHP José Duarte
Batting: LHB Manuel Sánchez 0-0: Ball
Howard Fewell steals 2nd base
1-0: Ball
2-0: SINGLE (Line Drive, 34D)
Howard Fewell to third
Batting: RHB Paddy Hodnett 0-0: Ball
1-0: Ball
Pickoff Throw to First - Out!
2-0: Fly out, F8 (Flyball, 8RM)
Bottom of the 4th over - 0 run(s), 2 hit(s), 0 error(s), 1 left on base; Grand Forks 0 - Belleville 4
TOP OF THE 5TH
Grand Forks Caterpillars batting - Pitching for Belleville Bulls : RHP José Zavala
Batting: RHB Carlos Romero 0-0: Ball
1-0: Ball
2-0: DOUBLE (Groundball, 3D)
Batting: RHB Jesús Ortíz 0-0: Fly out, F1 (Popup, 23)
Batting: SHB Luchino Salimbeni 0-0: Fly out, F8 (Line Drive, 8LM)
Batting: RHB Javier Rivera 0-0: Ball
1-0: Called Strike
1-1: Swinging Strike
1-2: Ground out 2-3 (Groundball, 15S)
Top of the 5th over - 0 run(s), 1 hit(s), 0 error(s), 1 left on base; Grand Forks 0 - Belleville 4
BOTTOM OF THE 5TH
Belleville Bulls batting - Pitching for Grand Forks Caterpillars : LHP José Duarte
Batting: RHB Felipe Gonzáles 0-0: Swinging Strike
0-1: Foul Ball, location: 2F
0-2: Ball
1-2: Strikes out looking
Batting: RHB Jesús Soto 0-0: Ball
1-0: Foul Ball, location: 2F
1-1: Foul Ball, location: 2F
1-2: Fly out, F3 (Popup, 3)
Batting: RHB Alberto Blanco 0-0: Called Strike
0-1: Ball
1-1: Ball
2-1: Foul Ball, location: 2F
2-2: Foul Ball, location: 2F
2-2: SINGLE (Line Drive, 8RS)
Batting: RHB Henry Mann 0-0: Ball
1-0: Ball
2-0: Ball
3-0: Base on Balls
Alberto Blanco to second
Batting: RHB Lee Charles 0-0: Called Strike
0-1: Ball
1-1: Ball
2-1: Called Strike
2-2: Fielders Choice at 2nd, U6 (Groundball, 6M)
Bottom of the 5th over - 0 run(s), 1 hit(s), 0 error(s), 2 left on base; Grand Forks 0 - Belleville 4
TOP OF THE 6TH
Grand Forks Caterpillars batting - Pitching for Belleville Bulls : RHP José Zavala
Batting: RHB Alfredo García 0-0: Called Strike
0-1: Ball
1-1: Called Strike
1-2: Foul Ball, location: 2F
1-2: Strikes out swinging
Batting: RHB Vicente Cruz 0-0: Ball
1-0: Ground out U3 (Groundball, 3S)
Batting: RHB Salvador Esparza 0-0: Ball
1-0: Ground out 1-3 (Groundball, 15)
Top of the 6th over - 0 run(s), 0 hit(s), 0 error(s), 0 left on base; Grand Forks 0 - Belleville 4
BOTTOM OF THE 6TH
Belleville Bulls batting - Pitching for Grand Forks Caterpillars : LHP José Duarte
Batting: RHB Jaime Ramírez 0-0: Ball
1-0: Foul Ball, location: 2F
1-1: Swinging Strike
1-2: Ball
2-2: Strikes out swinging
Batting: RHB Howard Fewell 0-0: Ball
1-0: SINGLE (Flyball, 9M)
Batting: LHB Manuel Sánchez 0-0: Ball
1-0: Swinging Strike
1-1: Called Strike
1-2: Strikes out looking
Pitching: RHP Jorge Calderón
Batting: RHB Paddy Hodnett 0-0: Fly out, F8 (Flyball, 8LM)
Bottom of the 6th over - 0 run(s), 1 hit(s), 0 error(s), 1 left on base; Grand Forks 0 - Belleville 4
TOP OF THE 7TH
Grand Forks Caterpillars batting - Pitching for Belleville Bulls : RHP José Zavala
Batting: LHB Armando Becerra 0-0: Ball
1-0: Foul Ball, location: 2F
1-1: Ball
2-1: Swinging Strike
2-2: Ball
3-2: Strikes out swinging
Batting: RHB Juan Garza 0-0: Swinging Strike
0-1: Foul Ball, location: 2F
0-2: Ball
1-2: Ball
2-2: Foul Ball, location: 2F
2-2: Strikes out swinging
Batting: RHB Carlos Romero 0-0: Called Strike
0-1: Swinging Strike
0-2: Ball
1-2: Ball
2-2: SINGLE (Groundball, 6M)
Batting: RHB Jesús Ortíz 0-0: Called Strike
0-1: Ball
1-1: Ball
2-1: Ball
3-1: Ground out 6-3 (Groundball, 6)
Top of the 7th over - 0 run(s), 1 hit(s), 0 error(s), 1 left on base; Grand Forks 0 - Belleville 4
BOTTOM OF THE 7TH
Belleville Bulls batting - Pitching for Grand Forks Caterpillars : RHP Jorge Calderón
Batting: RHB Felipe Gonzáles 0-0: Ball
1-0: Called Strike
1-1: Ball
2-1: Foul Ball, location: 2F
2-2: Foul Ball, location: 2F
2-2: Ball
3-2: Foul Ball, location: 2F
3-2: Foul Ball, location: 2F
3-2: Foul Ball, location: 2F
3-2: Base on Balls
Batting: RHB Jesús Soto 0-0: Ball
1-0: Ball
2-0: Ball
3-0: Base on Balls
Felipe Gonzáles to second
Batting: RHB Alberto Blanco 0-0: Ball
1-0: Called Strike
1-1: Ball
2-1: Foul Ball, location: 2F
2-2: DOUBLE (Flyball, 8LXD)
Felipe Gonzáles scores
Jesús Soto to third
Batting: RHB Henry Mann 0-0: Ground out 6-3 (Groundball, 6M)
Jesús Soto scores
Alberto Blanco to third
Batting: RHB Lee Charles 0-0: Fly out, F2 (Popup, 2RF)
Batting: RHB Jaime Ramírez 0-0: Ball
1-0: Reached on Error, E4 (Popup, 4D)
Alberto Blanco scores
Batting: RHB Howard Fewell 0-0: Foul Ball, location: 2F
0-1: Ball
1-1: Ball
2-1: Fielders Choice at 2nd, U6 (Groundball, 6M)
Bottom of the 7th over - 3 run(s), 1 hit(s), 1 error(s), 1 left on base; Grand Forks 0 - Belleville 7
TOP OF THE 8TH
Grand Forks Caterpillars batting - Pitching for Belleville Bulls : RHP José Zavala
Batting: SHB Luchino Salimbeni 0-0: Ball
1-0: Ball
2-0: Foul Ball, location: 2F
2-1: Swinging Strike
2-2: Strikes out swinging
Batting: RHB Javier Rivera 0-0: Ball
1-0: Ball
2-0: Called Strike
2-1: Foul Ball, location: 2F
2-2: Ball
3-2: Foul Ball, location: 2F
3-2: Ground out 6-3 (Groundball, 6)
Batting: RHB Alfredo García 0-0: Called Strike
0-1: Ball
1-1: Swinging Strike
1-2: Foul Ball, location: 2F
1-2: Foul Ball, location: 2F
1-2: Strikes out looking
Top of the 8th over - 0 run(s), 0 hit(s), 0 error(s), 0 left on base; Grand Forks 0 - Belleville 7
BOTTOM OF THE 8TH
Belleville Bulls batting - Pitching for Grand Forks Caterpillars : RHP Jorge Calderón
Batting: LHB Manuel Sánchez 0-0: Called Strike
0-1: SINGLE (Groundball, 4MD)
Batting: RHB Paddy Hodnett 0-0: Sac Bunt - play at first, batter OUT! 1-3
Manuel Sánchez to second
Batting: RHB Felipe Gonzáles 0-0: Called Strike
0-1: Called Strike
0-2: Ball
1-2: DOUBLE (Flyball, 8RM)
Manuel Sánchez scores
Batting: RHB Jesús Soto 0-0: Ball
1-0: Foul Ball, location: 2F
1-1: SINGLE (Groundball, 4MD)
Felipe Gonzáles to third
Batting: RHB Alberto Blanco 0-0: Called Strike
0-1: Foul Ball, location: 2F
0-2: Ball
1-2: Fly out, F8 (Flyball, 8RXD)
Runner from 3rd tags up, SCORES, no throw
Pitching: RHP Ángel Ruíz
Batting: RHB Henry Mann 0-0: Swinging Strike
0-1: Swinging Strike
0-2: Strikes out swinging
Bottom of the 8th over - 2 run(s), 3 hit(s), 0 error(s), 1 left on base; Grand Forks 0 - Belleville 9
TOP OF THE 9TH
Grand Forks Caterpillars batting - Pitching for Belleville Bulls : RHP José Zavala
Batting: RHB Vicente Cruz 0-0: Called Strike
0-1: Foul Ball, location: 2F
0-2: Ball
1-2: Foul Ball, location: 2F
1-2: Foul Ball, location: 2F
1-2: Ground out 5-3 (Groundball, 5S)
Batting: RHB Salvador Esparza 0-0: Swinging Strike
0-1: Fly out, F7 (Flyball, 78M)
Batting: LHB Armando Becerra 0-0: Ball
1-0: Ground out 4-3 (Groundball, 34)
Top of the 9th over - 0 run(s), 0 hit(s), 0 error(s), 0 left on base; Grand Forks 0 - Belleville 9
This league is powered by Out of the Park Baseball, the baseball management simulation game for PC, Mac and Linux
Friday, April 15th, 2016 - OOTP Baseball 16.9 Build 39